 Dungeon Crawl Stone Soup version 0.30.1-3-gfc49f6343a (webtiles) character file.

Game seed: 5476081449531331779

31 EC1 the Grave Robber (level 3, -1/4 (30) HPs)
             Began as a Ghoul Wanderer on July 20, 2023.
             Slain by an adder (4 damage)
             ... on level 2 of the Dungeon.
             The game lasted 00:05:07 (1201 turns).

EC1 the Grave Robber (Ghoul Wanderer)               Turns: 1201, Time: 00:05:07

HP:   -1/4 (30)     AC:  3    Str: 11    XL:     3   Next: 22%
MP:   14/14         EV: 10    Int: 13    God:
Gold: 155           SH:  3    Dex:  8    Spells: 5/6 levels left

rFire   . . .        l - +3 short sword (speed)
rCold   + . .        d - +0 buckler
rNeg    + + +        c - +0 robe
rPois   ∞            (no helmet)
rElec   .            (no cloak)
rCorr   .            m - +0 pair of gloves
SInv    .            (no boots)
Will    .....        g - amulet of faith
Stlth   +            p - ring of magical power
HPRegen 0.00/turn    (no ring)
MPRegen 0.14/turn

%: faith
@: inhibited regen, extremely drained
A: claws 1, cold resistance 1, negative energy resistance 3, inhibited
regeneration, torment resistance 2, devour on kill
a: no special abilities


You were on level 2 of the Dungeon.
You visited 1 branch of the dungeon, and saw 2 of its levels.

You collected 155 gold pieces.

Inventory:

Hand Weapons
 a - a +0 club
 e - a +0 mace of protection
 f - a +0 short sword of flaming
 l - a +3 short sword of speed (weapon)
Missiles
 i - 2 boomerangs (quivered)
 k - 2 poisoned darts
Armour
 c - a +0 robe (worn)
 d - a +0 buckler (worn)
 m - a +0 pair of gloves (worn)
Jewellery
 g - an amulet of faith (around neck)
 p - a ring of magical power (left hand)
 s - an amulet of faith
Scrolls
 b - a scroll of vulnerability
 h - a scroll of identify {unknown}
 n - a scroll of fear {unknown}
 q - 2 scrolls of noise {unknown}
Potions
 j - 2 potions of heal wounds {unknown}
 o - a potion of flight {unknown}
 r - a potion of lignification {unknown}


   Skills:
 + Level 2.4 Fighting
 + Level 0.1 Maces & Flails
 + Level 1.0 Shields
 + Level 2.0 Spellcasting
 + Level 4.7 Necromancy
 + Level 1.0 Fire Magic


You had 5 spell levels left.
You knew the following spells:

 Your Spells              Type           Power      Damage    Failure   Level
a - Kiss of Death         Conj/Necr      28%        2d7       14%         1

Your spell library contained the following spells:

 Spells                   Type           Power      Damage    Failure   Level
 Foxfire                  Conj/Fire      8%         2x1d4     30%         1
 Cigotuvi's Dreadful Rot  Necr/Pois/Air  10%        N/A       30%         2
 Dispel Undead            Necr           13%        3d9       47%         4
 Ignite Poison            Fire/Tmut/Pois 2%         N/A       69%         3
 Summon Forest            Summ/Tloc      0%         N/A       100%        5
 Summon Mana Viper        Hex/Summ       1%         N/A       100%        5
 Summon Cactus Giant      Summ           0%         N/A       100%        6


Dungeon Overview and Level Annotations

Branches:
Dungeon (2/15)

Altars:

Shops:
D:2 [


Innate Abilities, Weirdness & Mutations

You are immune to poison.
You have sharp fingernails.
Your flesh is cold resistant. (rC+)
You are immune to negative energy. (rN+++)
You do not regenerate when monsters are visible.
You are immune to unholy pain and torment.
You thrive by killing the living.


Message History

Found a stone staircase leading down.
q - a scroll labelled WEIFRAI MEDWEUX
r - a bubbling orange potion
Found an amulet of faith.
Found a stone staircase leading down.
A bat comes into view.
You block the bat's attack. The bat hits you but does no damage.
You closely miss the bat. The bat hits you but does no damage.
The bat barely misses you.
You see here a scroll labelled WEIFRAI MEDWEUX.
The bat barely misses you.
You hit the bat.
You kill the bat!
q - 2 scrolls labelled WEIFRAI MEDWEUX (gained 1)
Found 11 gold pieces.
Found an escape hatch in the ceiling.
You now have 136 gold pieces (gained 9).
You see here an amulet of faith.
You see here an amulet of faith.
s - an amulet of faith You now have 147 gold pieces (gained 11).
You now have 155 gold pieces (gained 8).
An adder comes into view.
The adder hisses angrily.
An adder is nearby!
You hit the adder.
The adder is heavily wounded.
You block the adder's attack.
You barely miss the adder.
The adder is heavily wounded.
The adder completely misses you.
You hit the adder.
The adder is severely wounded.
The adder bites you.
You completely miss the adder.
The adder is severely wounded.
You block the adder's attack.
You closely miss the adder.
The adder is severely wounded.
The adder bites you.
Ouch! That really hurt!
You die...

..# #.# #.# #######
#.## ##.....#
.######..####..♣♣♣.♣
...........##.♣♣...♣
.##........##.♣.@♣♣♣
..#...........♣PS♣
..<........##.♣♣♣.
###........##.♣ ..
..†........##.♣ .♣♣
#......>...##.♣ ♣♣
...........##..
...........##..
#..#####.#####.


You could see an adder.

Vanquished Creatures
  An adder (D:2)
  3 endoplasms
  3 goblins (D:1)
  3 hobgoblins (D:1)
  4 bats
  A frilled lizard (D:1)
  2 kobolds (D:1)
  2 rats (D:1)
19 creatures vanquished.

Notes
Turn   | Place    | Note
-------+----------+-------------------------------------------
     0 | D:1      | EC1 the Ghoul Wanderer began the quest for the Orb.
     0 | D:1      | EC1 set off with the following items: a +0 club, a scroll
                  | of vulnerability, a +0 robe, a +0 buckler; and the
                  | following spells available to memorise: Kiss of Death,
                  | Foxfire, Cigotuvi's Dreadful Rot, Ignite Poison, Dispel
                  | Undead.
     0 | D:1      | Reached XP level 1. HP: 17/17 MP: 2/2
     2 | D:1      | Learned a level 1 spell: Kiss of Death
   350 | D:1      | Reached XP level 2. HP: 17/18 MP: 1/3
   593 | D:1      | Found a faded altar of an unknown god.
   970 | D:2      | Reached XP level 3. HP: 3/9 MP: 1/5
   994 | D:2      | Found Paisog's Armour Shoppe.
  1201 | D:2      | Slain by an adder

Illustrated notes

Levels and vault maps discovered:
D:1:      amcnicky_arrival_gap_in_the_tavern_cellar, layout_basic,
          dreamdust_ecumenical_altar_grove, minmay_gold_behind_fungi
D:2:      layout_rooms, serial_forest, infiniplex_forest_zigzag_2,
          infiniplex_forest_clump_diagonal, infiniplex_forest_clump_curved,
          infiniplex_forest_clump_long, infiniplex_forest_lined_room_,
          infiniplex_forest_join, infiniplex_forest_lined_corner, serial_shops,
          shop, dreamdust_princess_corridor, uniq_terence

Skill      XL: |  1  2 |
---------------+-------+-----
Spellcasting   | 2 |  2.0
Fighting       | |  2.4
Maces & Flails | |  0.1
Shields        | |  1.0
Necromancy     | |  4.7
Fire Magic     | |  1.0

Action                     || total
---------------------------++-------
  Melee: Mace              ||    54
         Short sword       ||     7
   Cast: Kiss of Death     ||    14
    Use: Scroll            ||     1
         Potion            ||     1
 Armour: Robe              ||    11
  Dodge: Dodged            ||    19
  Block: Buckler           ||     4
